 Dungeon Crawl Stone Soup version 0.20-a0-26-g154eb2c (webtiles) character file.

178 Anmu the Shield-Bearer (level 5, -14/37 HPs)
             Began as a Formicid Fighter on Nov 7, 2016.
             Was a Follower of Hepliaklqana.
             Demolished by an ogre
             ... wielding a +0 giant spiked club
              (27 damage)
             ... on level 4 of the Dungeon.
             The game lasted 00:05:27 (2369 turns).

Anmu the Shield-Bearer (Formicid Fighter)           Turns: 2369, Time: 00:05:27

Health: -14/37     AC: 12    Str: 21    XL:     5   Next: 89%
Magic:  5/5        EV:  6    Int:  7    God:    Hepliaklqana [*.....]
Gold:   179        SH: 10    Dex: 11    Spells: 0 memorised, 4 levels left

rFire  . . .     SeeInvis +     a - +0 war axe
rCold  . . .     Gourm    .     v - +0 chain mail
rNeg   . . .     Faith    .     c - +0 shield
rPois  .         Spirit   .     (helmet unavailable)
rElec  .         Reflect  .     (no cloak)
rCorr  .         Harm     .     (no gloves)
MR     .....                    k - +0 pair of boots
Stlth  ..........               (no amulet)
                                (no ring)
                                t - +2 ring of protection

@: no status effects
A: permanent stasis, dig shafts and tunnels, four strong arms, reduced essence,
antennae 3
a: Dig, Shaft Self, Recall Ancestor, Ancestor Identity, Renounce Religion


You were on level 4 of the Dungeon.
You worshipped Hepliaklqana.
Hepliaklqana was aware of your devotion.
You were not hungry.

You visited 1 branch of the dungeon, and saw 4 of its levels.

You collected 179 gold pieces.

Inventory:

Hand Weapons
 a - a +0 war axe (weapon)
Missiles
 n - 32 bolts
Armour
 c - a +0 shield (worn)
 k - a +0 pair of boots (worn)
 v - a +0 chain mail (worn)
Jewellery
 t - a +2 ring of protection (left hand)
Wands
 y - a wand of polymorph (0/24)
 A - a wand of random effects (15/48)
Scrolls
 e - a scroll of blinking {unknown}
 h - 4 scrolls of identify {unknown}
 l - 5 scrolls of immolation {unknown}
 m - a scroll of fog {unknown}
 o - 2 scrolls of remove curse {unknown}
 p - a scroll of teleportation {unknown}
 s - a scroll of enchant armour {unknown}
 u - 2 scrolls of noise {unknown}
 w - a scroll of enchant weapon {unknown}
Potions
 b - a potion of flight {unknown}
 d - 2 potions of might
 i - a potion of curing {unknown}
 q - a potion of agility {unknown}
 r - a potion of berserk rage {unknown}
 x - a potion of magic {unknown}
 z - a potion of degeneration {unknown}
Comestibles
 f - a bread ration
 g - 5 fruits
 j - 2 slices of pizza


   Skills:
 + Level 4.1 Fighting
 + Level 3.7 Axes
 + Level 4.1 Armour
 + Level 0.1 Dodging
 + Level 4.8 Shields


You had 4 spell levels left.
You didn't know any spells.

Dungeon Overview and Level Annotations

Branches:
Dungeon (4/15)
 Temple: D:4-7

Altars:
Hepliaklqana
Kikubaaqudgha
Xom


Innate Abilities, Weirdness & Mutations

You are under a permanent stasis effect.
You can dig through walls and to a lower floor.
Your four strong arms can wield two-handed weapons with a shield.
You have a pair of large antennae on your head. (SInv)
Your life essence is reduced. (-10% HP)


Message History

Press: ? - help, Shift-Dir - straight line, f/p - ogre
Aim: an ogre, wielding a giant spiked club (fast, slightly transparent, chance to defeat MR: 46%)
The ogre resists with some effort.
Evoking this partially-identified wand wasted a few charges.
The ogre hits you with a giant spiked club!
Evoke which item? (* to show all) (? for menu, Esc to quit)
Zapping:
y - a wand of polymorph (?/24) {zapped: 9} (will waste charges)
Press: ? - help, Shift-Dir - straight line, f/p - ogre
Aim: an ogre, wielding a giant spiked club (fast, slightly transparent, chance to defeat MR: 46%) Nothing appears to happen.
The ogre hits you with a giant spiked club.
You extend your mandibles.
You dig through the rock wall.
Ankherfenedjef hits the ogre.
You block the ogre's attack.
You retract your mandibles.
You slash the ogre!
The ogre is heavily wounded.
Ankherfenedjef barely misses the ogre.
The ogre hits you with a giant spiked club!!
Ouch! That really hurt!
You die...

....## #..#
...... #..#
...... #..#####
......###......#
.......#....##
)......#....<#
##....#R...##.
#.....O.......#
##....@########
#....## #.?..
#####


You could see the friendly Ankherfenedjef the ancestor and an ogre (invisible).

Vanquished Creatures
  An orc priest (D:3)
  Natasha (D:3)
  Ijyb (D:3)
  An adder (D:3)
  A dart slug (D:2)
  4 leopard geckos
  4 orcs (D:3)
  A ball python (D:2)
  A giant cockroach (D:2)
  7 goblins
  8 hobgoblins
  3 quokkas
  6 bats
  3 frilled lizards
  3 kobolds
  8 rats
53 creatures vanquished.

Vanquished Creatures (collateral kills)
  Natasha (D:3)
  A butterfly (D:3)
2 creatures vanquished.

Grand Total: 55 creatures vanquished

Notes
Turn   | Place    | Note
-------+----------+-------------------------------------------
     0 | D:1      | Anmu the Formicid Fighter began the quest for the Orb.
     0 | D:1      | Reached XP level 1. HP: 18/18 MP: 1/1
   109 | D:1      | Reached XP level 2. HP: 19/24 MP: 2/2
   583 | D:1      | Reached XP level 3. HP: 29/29 MP: 3/3
  1452 | D:3      | Found a hazy altar of Hepliaklqana.
  1453 | D:3      | Found an ancient bone altar of Kikubaaqudgha.
  1457 | D:3      | Became a worshipper of Hepliaklqana the Forgotten
  1513 | D:3      | Reached XP level 4. HP: 33/33 MP: 4/4
  1756 | D:3      | Noticed Natasha
  1767 | D:3      | Killed Natasha
  1767 | D:3      | Reached XP level 5. HP: 21/37 MP: 5/5
  2014 | D:3      | Noticed Natasha
  2019 | D:3      | Killed Natasha
  2050 | D:3      | Noticed Ijyb
  2072 | D:3      | Killed Ijyb
  2147 | D:3      | Reached * piety under Hepliaklqana
  2275 | D:3      | Found a shimmering altar of Xom.
  2360 | D:4      | Noticed an ogre
  2369 | D:4      | Demolished by an ogre

Vault maps used:
D:1:      lemuel_arrival_cross
D:2:      kennysheep_big_empty_room, dk_noncrumbling_4, kennysheep_nub
D:3:      xom_butterflies, chequers_temple_overflow_statue_of_worship,
          uniq_natasha, uniq_iyjb
D:4:      first_bread, grunt_qazlal_clouds

Skill      XL: |  1  2  3  4  5 |
---------------+----------------+-----
Shields        | 4 |  4.8
Axes           | 3 |  3.7
Fighting       | 4 |  4.1
Armour         | 4 |  4.1
Dodging        | |  0.1

Action                   |  1- 3 |  4- 6 || total
-------------------------+-------+-------++-------
Melee: War axe           |   117 |    68 ||   185
       Unarmed           |       |     2 ||     2
 Abil: Dig               |       |     7 ||     7
Evoke: Wand              |       |     6 ||     6
  Eat: Chunk             |     2 |     3 ||     5
Armor: Scale mail        |    53 |     7 ||    60
       Chain mail        |       |    16 ||    16
Dodge: Dodged            |    34 |    17 ||    51
Block: Shield            |    70 |    36 ||   106
